 Dungeon Crawl Stone Soup version 0.17-a0-1378-g281efdd (webtiles) character file.

92145 nuthulu the Warrior (level 15, -2/147 HPs)
             Began as a Minotaur Fighter on June 14, 2015.
             Was the Champion of Okawaru.
             Slain by a yak (9 damage)
             ... on level 14 of the Dungeon.
             The game lasted 01:23:24 (27112 turns).

nuthulu the Warrior (Minotaur Fighter)             Turns: 27112, Time: 01:23:25

Health: -2/147     AC: 25    Str: 28    XL:     15   Next: 57%
Magic:  12/12      EV: 16    Int:  5    God:    Okawaru [******]
Gold:   2973       SH:  0    Dex: 14    Spells: 0 memorised, 14 levels left

rFire  . . .     SeeInvis .     j - +2 executioner's axe (venom)
rCold  . . .     Clarity  .     J - +3 chain mail {MR+}
rNeg   . . .     SustAt   +     (no shield)
rPois  .         Gourm    .     Q - +2 hat {MR+}
rElec  .         Spirit   .     r - +0 cloak
rCorr  .         Warding  .     i - +2 pair of gloves {Dex+3}
rMut   +         Stasis   .     y - +0 pair of boots
MR     ++++.                    o - amulet of resist mutation
Stlth  ..........               t - ring of sustain attributes
                                F - +6 ring of evasion

@: studying Unarmed Combat, incredibly resistant to hostile enchantments,
extremely unstealthy
A: retaliatory headbutt, claws 1, horns 2, breathe flames 1, low mp 1, magic
resistance 1, strong 1
a: Heroism, Finesse, Renounce Religion, Breathe Fire


You were on level 14 of the Dungeon.
You worshipped Okawaru.
Okawaru was exalted by your worship.
You were not hungry.

You visited 4 branches of the dungeon, and saw 27 of its levels.

You collected 3188 gold pieces.
You spent 215 gold pieces at shops.

Inventory:

Hand weapons
 a - a +2 war axe of flaming
 j - a +2 executioner's axe of venom (weapon)
Missiles
 s - 8 throwing nets (quivered)
Armour
 f - a +3 chain mail of cold resistance
 g - a +0 large shield
 i - a +2 pair of gloves of dexterity (worn)
 r - a +0 cloak (worn)
 y - a +0 pair of boots (worn)
 J - a +3 chain mail of magic resistance (worn)
 Q - a +2 hat of magic resistance (worn)
 R - the +4 scale mail "Zalaupso" {rElec MP+9}
   (Okawaru gifted it to you on level 4 of the Orcish Mines)

   It insulates you from electricity.
   It affects your magic capacity (+9).
Jewellery
 b - an uncursed amulet of resist corrosion
 o - an amulet of resist mutation (around neck)
 t - a ring of sustain attributes (right hand)
 x - an uncursed ring of magical power
 z - an uncursed amulet of guardian spirit
 F - a +6 ring of evasion (left hand)
 I - an uncursed amulet of the gourmand
 L - an uncursed amulet of stasis
 S - an uncursed ring of invisibility
Magical devices
 H - a wand of disintegration (9)
 M - a wand of paralysis (14)
 P - a wand of flame (37)
 T - a wand of digging (7)
 U - a wand of polymorph (8)
 V - a wand of lightning (8)
Scrolls
 c - 2 scrolls of magic mapping
 m - 4 scrolls of amnesia
 p - 4 scrolls of blinking
 q - 7 scrolls of remove curse
 v - 4 scrolls of recharging
 B - 3 scrolls of teleportation
 D - 2 scrolls of identify
 K - a scroll of fog
 X - 3 scrolls of fear
Potions
 k - 5 potions of brilliance
 n - 3 potions of flight
 w - 4 potions of magic
 A - a potion of might
 C - 2 potions of invisibility
 N - 3 potions of heal wounds
 O - 4 potions of curing
 W - a potion of agility
 Y - 2 potions of resistance
Books
 d - a book of the Earth

   Spells                             Type                      Level
   a - Leda's Liquefaction            Hexes/Earth                  4
   b - Bolt of Magma                  Conjuration/Fire/Earth       5
   c - Statue Form                    Transmutation/Earth          6
   d - Iron Shot                      Conjuration/Earth            6
   e - Shatter                        Earth                        9
 u - a book of Spatial Translocations

   Spells                             Type                      Level
   a - Apportation                    Translocation                1
   b - Blink                          Translocation                2
   c - Shroud of Golubria             Charms/Translocation         2
   d - Portal Projectile              Translocation                3
   e - Teleport Other                 Translocation                3
   f - Passage of Golubria            Translocation                4
 G - a book of Cantrips

   Spells                             Type                      Level
   a - Corona                         Hexes                        1
   b - Animate Skeleton               Necromancy                   1
   c - Summon Small Mammal            Summoning                    1
   d - Apportation                    Translocation                1
 Z - a manual of Unarmed Combat
Comestibles
 e - 4 bread rations
 h - 5 meat rations
 l - 5 beef jerkies
 E - 3 slices of pizza


   Skills:
 - Level 17.4 Fighting
 * Level 16.9 Axes
 - Level 15.0 Armour
 * Level 2.4 Dodging
 - Level 15.7 Shields


You had 14 spell levels left.
You didn't know any spells.

Dungeon Overview and Level Annotations

Branches:
Dungeon (14/15)            Temple (1/1) D:5            Lair (8/8) D:11
 Shoals (0/4) Lair:4        Snake (0/4) Lair:3        Slime (0/6) Lair:6
    Orc (4/4) D:12            Elf (0/3) Orc:3        Vaults (0/5) D:13

Altars:
Ashenzari
Cheibriados
Kikubaaqudgha
Makhleb
Okawaru
Sif Muna
Trog
Vehumet
Xom
Yredelemnul
Zin
The Shining One
Jiyva

Shops:
D:5 ?   D:6 *   Orc:1 [   Orc:3 !:%!(   Orc:4 *(}?

Portals:
Hell: Lair:8


Innate Abilities, Weirdness & Mutations

You reflexively headbutt those who attack you in melee.
You have a pair of horns on your head.
You have sharp fingernails.
You can breathe flames.
Your magical capacity is low (-10% MP).
You are resistant to hostile enchantments.
Your muscles are strong. (Str +2)


Message History

The very large slime creature barely misses you.
You slice the very large slime creature!!
The very large slime creature is almost dead.
You slice the slime creature!!
You kill the slime creature!
Okawaru accepts your kill.
The very large slime creature hits you!!!
The yak completely misses you. You furiously retaliate!
You headbutt the yak!
You hear a shout!
You hit the very large slime creature.
You headbutt the very large slime creature!
The very large slime creature is almost dead.
You barely miss the yak.
The yak is heavily wounded.
The very large slime creature hits you!!
* * * LOW HITPOINT WARNING * * *
The yak gores you!
* * * LOW HITPOINT WARNING * * *
The yak gores you!
You die...

#...# #.....#. #...#
#.....#. #.).#
#.....#. #...#######
#.....#.
#../..............#.
#.....######......#.
#.....# #......#.
#.....# +......#.
###@### ###....#.
......JYY......
#....#.
......YY.......
...............
##...#####..... #...
##### #.. #..


You could see a very large slime creature and 4 yaks.

Vanquished Creatures
  Rupert (Lair:3)
  Kirke (D:13)
  Roxanne (D:14)
  Nessos (D:13)
  A dire elephant (Lair:8)
  Snorg (Lair:4)
  4 vault guards (D:13)
  Harold (Lair:4)
  9 hydras
  2 centaur warriors
  10 death yaks (Lair:8)
  Urug (D:11)
  Sonja (Lair:2)
  The ghost of bal the Covert, an experienced OpCj of Sif Muna (D:9)
  A fire crab (Lair:6)
  The ghost of Gorice the Quickloader, an experienced FoHu of Makhleb (D:8)
  A fire crab (shapeshifter) (D:14)
  A wolf spider zombie (D:13)
  4 hill giants
  6 orc knights
  3 griffons
  An orc sorcerer (Orc:3)
  3 cyclopes
  A wizard (Lair:8)
  2 manticores (D:13)
  3 black mambas
  4 ugly things
  A hornet (shapeshifter) (D:13)
  5 elephants (Lair:8)
  A sixfirhy (Lair:8)
  Maurice (D:8)
  A gargoyle (D:13)
  2 orange demons (Lair:8)
  A torpor snail (Lair:4)
  9 spiny frogs
  A smoke demon (Lair:8)
  5 fire drakes
  A hellwing (Lair:8)
  2 efreet
  5 komodo dragons
  A kobold demonologist (D:14)
  A tengu conjurer (D:14)
  5 blue devils (Lair:8)
  3 red devils (Lair:8)
  A polar bear (Lair:6)
  6 trolls
  Grinder (D:5)
  Prince Ribbit (D:8)
  A boulder beetle (Lair:7)
  A trapdoor spider zombie (D:12)
  A slime creature (D:14)
  A centaur simulacrum (D:14)
  23 blink frogs
  4 wyverns
  3 trapdoor spiders
  A deep elf mage (D:11)
  Sigmund (D:4)
  45 yaks
  3 fire bats (Lair:6)
  A hill giant zombie (D:12)
  5 hogs (D:13)
  2 wraiths (D:12)
  Grum (D:8)
  6 basilisks
  16 hippogriffs
  5 hungry ghosts
  A mottled dragon (D:14)
  A warg (Orc:4)
  A deep elf fighter (D:8)
  19 wolves
  14 water moccasins
  A naga (Lair:3)
  A soldier ant (D:12)
  A phantom (D:8)
  5 ice beasts
  6 porcupines
  A black bear (D:12)
  29 orc warriors
  15 ogres
  3 necrophages
  4 sky beasts
  23 centaurs
  17 crocodiles
  Blork the orc (D:4)
  16 giant frogs
  A brain worm (D:13)
  A big kobold (D:14)
  A wyvern skeleton (D:14)
  6 scorpions
  A troll zombie (D:12)
  14 wights
  2 centaur zombies
  5 killer bees
  A lava snake (D:12)
  6 crimson imps
  2 electric eels (D:9)
  3 centaur skeletons
  12 orc priests
  3 jellies
  Crazy Yiuf (D:3)
  2 giant frog skeletons
  15 worker ants
  7 hounds
  7 iguanas
  20 orc wizards
  19 sheep
  4 ogre zombies (D:12)
  A worker ant zombie (D:8)
  9 gnolls
  14 adders
  76 river rats
  5 shadow imps
  3 adder skeletons
  2 adder zombies
  A worm (D:3)
  165 orcs
  9 bats
  A bat skeleton (D:8)
  A bat zombie (D:8)
  3 giant cockroaches
  17 goblins
  18 hobgoblins
  19 jackals
  6 quokkas
  A ball python (D:2)
  5 giant geckos
  A giant gecko zombie (D:5)
  3 giant newts
  A hobgoblin skeleton (D:12)
  4 hobgoblin zombies (D:12)
  A jackal skeleton (D:4)
  21 kobolds
  An orc skeleton (D:12)
  13 orc zombies (D:12)
  11 rats
  8 fungi
  10 plants
962 creatures vanquished.

Vanquished Creatures (collateral kills)
  A spiny frog (Lair:8)
  A hippogriff (Lair:8)
2 creatures vanquished.

Vanquished Creatures (others)
  A wizard (D:7)
  A sheep (Lair:6)
  A giant cockroach (D:1)
  4 fungi (Lair:8)
  2 plants (Lair:8)
9 creatures vanquished.

Grand Total: 973 creatures vanquished

Notes
Turn   | Place    | Note
--------------------------------------------------------------
     0 | D:1      | nuthulu the Minotaur Fighter began the quest for the Orb.
     0 | D:1      | Reached XP level 1. HP: 19/19 MP: 0/0
   286 | D:1      | Reached skill level 4 in Armour
   290 | D:1      | Reached XP level 2. HP: 23/26 MP: 1/1
   861 | D:2      | Reached XP level 3. HP: 31/31 MP: 2/2
  1085 | D:2      | Found a shimmering altar of Xom.
  1096 | D:2      | Found a shimmering altar of Xom.
  1105 | D:2      | Found a shimmering altar of Xom.
  1106 | D:2      | Found a shimmering altar of Xom.
  1107 | D:2      | Found a shimmering altar of Xom.
  1308 | D:2      | Gained mutation: You are frail (-10% HP). [potion of mutation]
  1308 | D:2      | Gained mutation: You are resistant to hostile enchantments. [potion of mutation]
  1308 | D:2      | Gained mutation: Your magical capacity is low (-10% MP). [potion of mutation]
  1309 | D:2      | Gained mutation: You occasionally shout uncontrollably at your foes. [potion of mutation]
  1309 | D:2      | Gained mutation: You have sharp fingernails. [potion of mutation]
  1309 | D:2      | Gained mutation: You are dopey. (Int -2) [potion of mutation]
  1310 | D:2      | Gained mutation: Your muscles are strong. (Str +2) [potion of mutation]
  1310 | D:2      | Gained mutation: You can breathe flames. [potion of mutation]
  1506 | D:2      | Found a faded altar to an unknown god.
  1808 | D:3      | Reached XP level 4. HP: 35/35 MP: 2/2
  1909 | D:3      | Lost mutation: You are frail (-10% HP). [potion of cure mutation]
  1909 | D:3      | Lost mutation: You are dopey. (Int -2) [potion of cure mutation]
  1909 | D:3      | Lost mutation: You occasionally shout uncontrollably at your foes. [potion of cure mutation]
  1959 | D:3      | Reached skill level 5 in Armour
  2144 | D:3      | Noticed a centaur
  2155 | D:3      | Killed a centaur
  2155 | D:3      | Reached skill level 5 in Axes
  2155 | D:3      | Reached XP level 5. HP: 26/45 MP: 3/3
  2371 | D:3      | Noticed Crazy Yiuf
  2382 | D:3      | Killed Crazy Yiuf
  2382 | D:3      | Reached skill level 6 in Armour
  2778 | D:4      | Noticed Sigmund
  2785 | D:4      | Killed Sigmund
  2785 | D:4      | Reached XP level 6. HP: 45/51 MP: 4/4
  2944 | D:4      | Reached skill level 7 in Armour
  2944 | D:4      | Reached XP level 7. HP: 53/57 MP: 5/5
  3030 | D:4      | Found a glowing silver altar of Zin.
  3254 | D:4      | Noticed Blork the orc
  3288 | D:5      | Entered Level 5 of the Dungeon
  3490 | D:5      | Reached skill level 8 in Armour
  3770 | D:5      | Found Afedd's Magic Scroll Boutique.
  3808 | D:5      | Noticed Grinder
  3812 | D:5      | Killed Grinder
  3818 | D:5      | Bought a scroll of identify for 30 gold pieces
  3955 | D:5      | Reached XP level 8. HP: 61/64 MP: 6/6
  4080 | D:5      | Found a staircase to the Ecumenical Temple.
  4090 | Temple   | Entered the Ecumenical Temple
  4098 | Temple   | Became a worshipper of Warmaster Okawaru
  4181 | D:5      | Found a bloodstained altar of Trog.
  4261 | D:5      | Reached skill level 9 in Armour
  4359 | D:4      | Killed Blork the orc
  4824 | D:6      | Found Biarig's General Store.
  4832 | D:6      | Bought a potion of haste for 110 gold pieces
  5068 | D:6      | Acquired Okawaru's first power
  5171 | D:6      | Reached skill level 10 in Armour
  5245 | D:6      | HP: 1/64 [ogre/giant club (18)]
  5258 | D:6      | Reached skill level 10 in Axes
  5812 | D:7      | Reached XP level 9. HP: 70/70 MP: 7/7
  6171 | D:7      | Found a shattered altar of Ashenzari.
  6461 | D:7      | Found a radiant altar of Vehumet.
  6462 | D:7      | Found an ancient bone altar of Kikubaaqudgha.
  6597 | D:7      | Reached skill level 11 in Armour
  6699 | D:7      | Found a bloodstained altar of Trog.
  6700 | D:7      | Noticed a wizard
  6706 | D:7      | Killed a wizard
  7179 | D:8      | Noticed Grum
  7367 | D:8      | Noticed Prince Ribbit
  7399 | D:8      | Killed Prince Ribbit
  7434 | D:8      | Reached skill level 12 in Armour
  7644 | D:8      | Found a glowing golden altar of the Shining One.
  7936 | D:8      | Noticed Gorice's ghost (experienced FoHu)
  7979 | D:8      | Killed Gorice's ghost
  7979 | D:8      | Reached XP level 10. HP: 69/77 MP: 8/8
  8036 | D:8      | Found a basalt altar of Yredelemnul.
  8117 | D:8      | Killed Grum
  8501 | D:8      | Noticed Maurice
  8563 | D:8      | Killed Maurice
  8563 | D:8      | Reached skill level 13 in Armour
  9332 | D:9      | Noticed bal's ghost (experienced OpCj)
  9356 | D:9      | Killed bal's ghost
 10027 | D:10     | Entered Level 10 of the Dungeon
 10060 | D:10     | Reached skill level 14 in Armour
 10143 | D:10     | Acquired Okawaru's second power
 10250 | D:10     | Noticed a hill giant
 10256 | D:10     | Reached XP level 11. HP: 82/82 MP: 8/8
 10260 | D:10     | Killed a hill giant
 10466 | D:10     | Received a gift from Okawaru
 11339 | D:11     | Found a staircase to the Lair.
 11407 | D:11     | Noticed Urug
 11423 | D:11     | Killed Urug
 11423 | D:11     | Reached skill level 15 in Armour
 11512 | D:11     | Noticed a hill giant
 11523 | D:11     | Killed a hill giant
 12167 | D:11     | Reached skill level 15 in Axes
 12184 | D:11     | Reached skill level 5 in Fighting
 12194 | Lair:1   | Entered Level 1 of the Lair of Beasts
 12728 | Lair:1   | Got a citrine-encrusted troll leather armour
 12729 | Lair:1   | Identified the cursed +1 troll leather armour "Hodghaed" {Regen+ Dex+2} (You found it on level 1 of the Lair of Beasts)
 13217 | Lair:2   | Received a gift from Okawaru
 13257 | Lair:2   | Reached XP level 12. HP: 100/100 MP: 9/9
 13302 | Lair:2   | Noticed Sonja
 13351 | Lair:2   | Killed Sonja
 13622 | Lair:2   | Reached skill level 16 in Axes
 14161 | Lair:3   | Noticed a six-headed hydra
 14171 | Lair:3   | Killed a three-headed hydra
 14171 | Lair:3   | Reached skill level 5 in Shields
 14270 | Lair:3   | Noticed Rupert
 14304 | Lair:3   | Killed Rupert
 14553 | Lair:3   | Reached skill level 10 in Fighting
 14616 | Lair:3   | Found a staircase to the Snake Pit.
 14974 | Lair:4   | Noticed Harold
 14996 | Lair:4   | Killed Harold
 15298 | Lair:4   | Noticed a five-headed hydra
 15299 | Lair:4   | Noticed Snorg
 15307 | Lair:4   | Killed a two-headed hydra
 15307 | Lair:4   | Received a gift from Okawaru
 15318 | Lair:4   | Killed Snorg
 15706 | Lair:4   | Found a staircase to the Shoals.
 15951 | Lair:5   | Noticed a four-headed hydra
 15956 | Lair:5   | Killed a one-headed hydra
 15956 | Lair:5   | Reached XP level 13. HP: 113/116 MP: 10/10
 16578 | Lair:6   | Reached skill level 10 in Shields
 17145 | Lair:6   | Received a gift from Okawaru
 17709 | Lair:6   | Found a viscous altar of Jiyva.
 17710 | Lair:6   | Found a staircase to the Slime Pits.
 18365 | Lair:7   | Received a gift from Okawaru
 19023 | Lair:8   | Entered Level 8 of the Lair of Beasts
 19395 | Lair:8   | Reached XP level 14. HP: 128/132 MP: 11/11
 19519 | Lair:8   | Received a gift from Okawaru
 19580 | Lair:8   | Noticed a dire elephant
 19601 | Lair:8   | Killed a dire elephant
 19891 | Lair:8   | Found a burning altar of Makhleb.
 19969 | Lair:8   | Reached skill level 15 in Fighting
 19992 | Lair:8   | Found a gateway to Hell.
 20272 | Lair:8   | Received a gift from Okawaru
 21415 | D:12     | Found a staircase to the Orcish Mines.
 21882 | Orc:1    | Entered Level 1 of the Orcish Mines
 21915 | Orc:1    | Found Antuxafa's Armour Shoppe.
 22931 | Orc:3    | Found Jauhav's Distillery.
 22971 | Orc:3    | Reached skill level 15 in Shields
 23289 | Orc:3    | Found Tiephife's Antique Weapon Shoppe.
 23310 | Orc:3    | Found a staircase to the Elven Halls.
 23575 | Orc:3    | Found Fiovitoss's Food Shoppe.
 23594 | Orc:3    | Found Hoeryino's Book Shop.
 23614 | Orc:3    | Found Goaq's Distillery.
 23628 | Orc:3    | Bought a potion of heal wounds for 75 gold pieces
 23923 | Orc:4    | Entered Level 4 of the Orcish Mines
 24143 | Orc:4    | Received a gift from Okawaru
 24166 | Orc:4    | Reached XP level 15. HP: 87/145 MP: 5/12
 24185 | Orc:4    | Got a bloodstained scale mail {god gift}
 24198 | Orc:4    | Identified the +4 scale mail "Zalaupso" {rElec MP+9} (Okawaru gifted it to you on level 4 of the Orcish Mines)
 24479 | Orc:4    | Found Huh Eler's Weapon Shop.
 24479 | Orc:4    | Found Vockad's Gadget Shoppe.
 24482 | Orc:4    | Found Beockua's Magic Scroll Emporium.
 24484 | Orc:4    | Found Heanateitz's Assorted Antiques.
 25011 | D:13     | Noticed Kirke
 25028 | D:13     | Killed Kirke
 25263 | D:13     | Identified a scroll of acquirement
 25342 | D:13     | Found a gate to the Vaults.
 25349 | D:13     | Reached skill level 17 in Fighting
 25605 | D:13     | Found a snail-covered altar of Cheibriados.
 25619 | D:13     | Noticed Nessos
 25632 | D:13     | Killed Nessos
 26177 | D:14     | Received a gift from Okawaru
 26760 | D:14     | Reached skill level 1 in Dodging
 26916 | D:14     | Noticed Roxanne
 26934 | D:14     | Killed Roxanne
 26941 | D:14     | Identified Roxanne's Disquisition on Earthen Transformation (You took it off Roxanne on level 14 of the Dungeon)
 27112 | D:14     | HP: 7/147 [yak (8)]
 27112 | D:14     | Slain by a yak

Vault maps used:
D:1:      dpeg_arrival_castle, lemuel_flame_loot_1
D:2:      xom_redecorated, ecumenical_altar_2, hangedman_decor_growths,
          minmay_misc_feat_secret_circle
D:3:      uniq_crazy_yiuf_cottage
D:4:      zin_treasury, uniq_sigmund, uniq_blork_the_orc
D:5:      minmay_temple_entry_hall, first_bread, serial_shops,
          nicolae_shop_trees, trog_butcher_becter, uniq_grinder
D:6:      serial_shops, nicolae_shop_crystal, kennysheep_generic_room_5
D:7:      gammafunk_temple_overflow_statue, cheibrodos_ashenzari_chains,
          trog_wizard
D:8:      nicolae_overflow_crystal_walls, old_standard_altar, grunt_pizzeria,
          uniq_pikel, uniq_maurice, uniq_prince_ribbit1, uniq_grum
D:9:      feat_on_display
D:11:     minmay_lair_entry_lava, uniq_urug
D:12:     zombieorc1_lemuel, kennysheep_dice
D:13:     lightli_vaults_fourway_checkpoint, basic_altar, uniq_nessos,
          uniq_kirke
D:14:     fedhas_altar_4, grunt_ministairs_12, uniq_roxanne
Temple:   circular_temple_pool_12
Lair:1:   infiniplex_staircase_pool
Lair:2:   uniq_sonja
Lair:3:   guppyfry_snake_entry_garden, uniq_rupert
Lair:4:   shoals_dummy_entry, uniq_harold, uniq_snorg
Lair:5:   minmay_hedge_maze
Lair:6:   dpeg_slime_entry_enclosed_altar, nicolae_volcano_entry_batcave
Lair:8:   evil_forest, columned_hall_lemuel, grunt_megastairs_4
Orc:1:    serial_shops, nicolae_shop_statue_plus, abandoned_shop
Orc:3:    serial_shops, shop, shop, nicolae_shop_stone, shop,
          nicolae_shop_stone, special_room, nicolae_orc_pool_cavern,
          nicolae_orc_damp_corner
Orc:4:    st_orc_rangers

Action                   |  1- 3 |  4- 6 |  7- 9 | 10-12 | 13-15 || total
-------------------------+-------+-------+-------+-------+-------++-------
Melee: War axe           |    82 |    81 |   392 |   735 |  1091 ||  2381
       Executioner's axe |       |       |       |       |   116 ||   116
Throw: Throwing net      |       |       |       |     3 |       ||     3
Invok: Heroism           |       |       |       |     6 |     5 ||    11
       Finesse           |       |       |       |       |     2 ||     2
 Abil: Breathe Fire      |       |       |       |       |     1 ||     1
  Use: Scroll            |     4 |     9 |     6 |    10 |    11 ||    40
       Potion            |     4 |     2 |     6 |     5 |     7 ||    24
 Stab: Invisible         |       |       |       |       |     1 ||     1
  Eat: Chunk             |     3 |     4 |     8 |    25 |     4 ||    44
       Pizza             |       |       |     2 |     4 |     2 ||     8
       Beef jerky        |       |       |     1 |       |     1 ||     2
       Meat ration       |       |       |     1 |       |     3 ||     4
       Bread ration      |       |       |       |     1 |     3 ||     4
       Fruit             |       |       |       |       |     4 ||     4
       Royal jelly       |       |       |       |       |     1 ||     1
